 Dungeon Crawl Stone Soup version 0.21.0-3-g78d12a8 (webtiles) character file.

240 negitausen the Chopper (level 5, -3/70 HPs)
             Began as a Minotaur Berserker on Jan 13, 2018.
             Was a Believer of Trog.
             Slain by a hippogriff (7 damage)
             ... on level 4 of the Dungeon.
             The game lasted 00:15:29 (2175 turns).

negitausen the Chopper (Minotaur Berserker)         Turns: 2175, Time: 00:15:29

Health: -3/70      AC:  6    Str: 32      XL:     5   Next: 79%
Magic:  4/4        EV: 12    Int:  3 (4)  God:    Trog [**....]
Gold:   162        SH:  0    Dex:  7 (9)  Spells: 4/4 levels left

rFire    . . .     SeeInvis .   a - +0 hand axe
rCold    . . .     Gourm    .   (no shield)
rNeg     . . .     Faith    .   h - +1 ring mail
rPois    .         Spirit   .   (helmet restricted)
rElec    .         Reflect  .   (no cloak)
rCorr    .         Harm     .   (no gloves)
MR       .....                  (no boots)
Stlth    ..........             l - amulet of regeneration
HPRegen  0.21/turn              g - +2 ring of strength
MPRegen  0.09/turn              (no ring)

@: berserking, very quick
A: retaliatory headbutt, horns 2, strong 1, wild magic 1
a: Berserk, Trog's Hand, Burn Spellbooks, Renounce Religion


You were on level 4 of the Dungeon.
You worshipped Trog.
Trog was pleased with you.
You were hungry.

You visited 1 branch of the dungeon, and saw 4 of its levels.

You collected 162 gold pieces.

Inventory:

Hand Weapons
 a - a +0 hand axe (weapon)
Missiles
 i - 11 stones (quivered)
 o - 15 poisoned needles
Armour
 b - a +0 animal skin
 f - a +0 leather armour
 h - a +1 ring mail (worn)
Jewellery
 e - a cursed ring of teleportation
 g - a +2 ring of strength (left hand)
 l - an amulet of regeneration (around neck)
 m - an uncursed amulet of guardian spirit
Scrolls
 j - a scroll of fog
 k - 2 scrolls of teleportation
Comestibles
 c - 9 rations
 n - 7 chunks of flesh


   Skills:
 + Level 4.8 Fighting
 * Level 6.3 Axes
 + Level 3.5 Armour
 + Level 2.9 Dodging


You had 4 spell levels left.
You didn't know any spells.

Dungeon Overview and Level Annotations

Branches:
Dungeon (4/15)
 Temple: D:4-7

Altars:


Innate Abilities, Weirdness & Mutations

You reflexively headbutt those who attack you in melee.
You have a pair of horns on your head.
Your muscles are strong. (Str +2)
Your spells are a little harder to cast, but a little more powerful.


Message History

The hippogriff is moderately wounded.
You hit the plant but do no damage. x3; The hippogriff bites you.
* * * LOW HITPOINT WARNING * * *
The hippogriff pecks you but does no damage.
The hippogriff claws you.
* * * LOW HITPOINT WARNING * * *
You see here an adder corpse.
A red film seems to cover your vision as you go berserk!
You feel yourself moving faster!
You feel mighty!
You are feeling hungry.
The hippogriff bites you.
* * * LOW HITPOINT WARNING * * *
The hippogriff pecks you but does no damage.
The hippogriff claws you.
* * * LOW HITPOINT WARNING * * *
You barely miss the hippogriff. You headbutt the hippogriff!!
The hippogriff is severely wounded.
You hit the plant. x2; You hit the plant but do no damage.
The hippogriff bites you!
You die...

##.##### ##.## ####.## #.# #.#
#.# #.# #.# ##.## #.# ##+## #...#
#.# ##...## ##.#.#.## #.####
##.....## #.##.##.# #.##.##
##.......## #....##.#
#.#...####.........####...###.##
##........+.....@H..'...........÷
.......####....PPPP.##.......####
##.##..# ##.P≈P≈≈≈P##.##...##
##)###.# ##P≈♣PP≈P≈#.#.....#
##.###)# ##P♣♣♣♣≈≈PP.#.#...#
##..##.# #P≈♣ ♣♣P.P.#.....#
###.##)# #P≈≈ ≈≈P..#..#..#
.......# ##P≈♣♣♣♣♣PP#.#..#..#
###.#### #P≈≈≈≈≈P≈≈##.#..#..#


You could see a hippogriff.

Vanquished Creatures
  2 orc wizards (D:4)
  Natasha (D:4)
  9 adders
  3 worms (D:2)
  A dart slug (D:2)
  A leopard gecko (D:3)
  4 orcs
  2 giant cockroaches
  7 goblins
  12 hobgoblins
  4 jackals (D:3)
  3 kobolds
  A quokka (D:3)
  A ball python (D:1)
  7 bats
  3 frilled lizards
  6 rats
67 creatures vanquished.

Notes
Turn   | Place    | Note
-------+----------+-------------------------------------------
     0 | D:1      | negitausen the Minotaur Berserker began the quest for the Orb.
     0 | D:1      | Reached XP level 1. HP: 19/19 MP: 0/0
    39 | D:1      | Gained mutation: Your spells are a little harder to cast, but a little more powerful. [potion of mutation]
    39 | D:1      | Gained mutation: Your muscles are strong. (Str +2) [potion of mutation]
   136 | D:1      | Reached skill level 4 in Axes
   138 | D:1      | Reached XP level 2. HP: 23/27 MP: 1/1
   445 | D:2      | Reached XP level 3. HP: 33/33 MP: 2/2
   581 | D:2      | Reached ** piety under Trog
  1035 | D:2      | Reached XP level 4. HP: 41/41 MP: 3/3
  1343 | D:3      | Reached skill level 5 in Axes
  1973 | D:4      | Reached XP level 5. HP: 45/47 MP: 2/4
  2049 | D:4      | Reached skill level 6 in Axes
  2093 | D:4      | Noticed Natasha
  2096 | D:4      | Killed Natasha
  2117 | D:4      | Noticed a hippogriff
  2175 | D:4      | Slain by a hippogriff

Skill      XL: |  1  2  3  4  5 |
---------------+----------------+-----
Axes           | 4 5 6 |  6.3
Fighting       | 4 |  4.8
Armour         | 3 |  3.5
Dodging        | |  2.9

Action                   |  1- 3 |  4- 6 || total
-------------------------+-------+-------++-------
Melee: Hand axe          |    47 |    78 ||   125
       Headbutt          |     8 |    17 ||    25
Throw: Throwing net      |       |     2 ||     2
Invok: Berserk           |       |     2 ||     2
  Use: Scroll            |     6 |     4 ||    10
       Potion            |     2 |     2 ||     4
 Stab: Sleeping          |     1 |       ||     1
  Eat: Chunk             |       |     5 ||     5
Armor: Animal skin       |     2 |       ||     2
       Ring mail         |     7 |    36 ||    43
Dodge: Dodged            |    33 |    46 ||    79
